 Seeded DCSS version 0.30.1-11-g7821555f0a (webtiles) character file.

Game seed: 5 (custom seed)

32 Kazon the Cutter (level 3, 0/21 HPs)
             Began as a Vampire Gladiator on Dec 7, 2023.
             Slain by an adder (1 damage)
             ... on level 2 of the Dungeon.
             The game lasted 00:03:11 (870 turns).

Kazon the Cutter (Vampire Gladiator)                 Turns: 870, Time: 00:03:11

Health: 0/21       AC:  7    Str: 15    XL:     3   Next: 10%
Magic:  3/3        EV:  8    Int: 10    God:
Gold:   78         SH: 11    Dex: 15    Spells: 2/2 levels left

rFire   . . .        k - +0 long sword
rCold   + . .        c - +0 tower shield
rNeg    + + +        b - +0 leather armour
rPois   ∞            j - +0 helmet
rElec   .            (no cloak)
rCorr   +            (no gloves)
SInv    +            f - +2 pair of boots "Liysi" {rC- Will++ rCorr Slay+6}
Will    ++...        (no amulet)
Stlth   +++          (no ring)
HPRegen 0.00/turn    (no ring)
MPRegen 0.08/turn

%: no passive effects
@: bloodless, inhibited regen
A: bloodless, fangs 3, see invisible, vampiric 2
a: Bat Form, Revivify


You were on level 2 of the Dungeon.
You visited 1 branch of the dungeon, and saw 2 of its levels.

You collected 78 gold pieces.

Inventory:

Hand Weapons
 a - a +0 rapier
 k - a +0 long sword (weapon)
Missiles
 d - 3 throwing nets
 e - a javelin
 g - 3 stones (quivered)
 l - 3 boomerangs
Armour
 b - a +0 leather armour (worn)
 c - a +0 tower shield (worn)
 f - the +2 pair of boots "Liysi" (worn) {rC- Will++ rCorr Slay+6}
   (You acquired it on level 1 of the Dungeon)

   Slay:      It affects your accuracy & damage with ranged weapons and melee
   (+6).
   rC:        It makes you vulnerable to cold.
   rCorr:     It protects you from acid and corrosion.
   Will:      It greatly increases your willpower.
 j - a +0 helmet (worn)
Scrolls
 h - a scroll of fog {unknown}
Potions
 i - a potion of resistance {unknown}
 m - 2 potions of curing {unknown}


   Skills:
 + Level 1.9 Fighting
 + Level 4.0 Short Blades
 + Level 1.6 Throwing
 + Level 0.2 Armour
 + Level 3.7 Dodging
 + Level 0.4 Stealth


You had 2 spell levels left.
You didn't know any spells.
Your spell library was empty.

Dungeon Overview and Level Annotations

Branches:
Dungeon (2/15)

Altars:


Innate Abilities, Weirdness & Mutations

You do not regenerate when monsters are visible.
You are frail without blood (-20% HP).
You can heal yourself when you bite living creatures.
You are immune to poison.
You have razor-sharp teeth.
You have supernaturally acute eyesight. (SInv)
You are afflicted with vampirism and can become a bat while bloodless.


Message History

You block the jackal's attack. The jackal closely misses you.
You block the jackal's attack. The jackal closely misses you.
You closely miss the jackal. The adder bites you but does no damage.
You block the jackal's attack. The jackal closely misses you.
The jackal bites you.
The jackal bites you but does no damage.
The adder barely misses you. You block the jackal's attack.
The jackal completely misses you.
The jackal bites you but does no damage.
You block the jackal's attack. The adder barely misses you.
You closely miss the jackal. You block the jackal's attack.
The jackal bites you.
The jackal bites you but does no damage.
You block the jackal's attack. You block the adder's attack.
The jackal bites you. x3; You block the jackal's attack.
The adder closely misses you. The jackal barely misses you. x2
The jackal bites you but does no damage. x2
The hobgoblin hits you but does no damage.
You completely miss the jackal. Your bite misses the jackal.
The jackal barely misses you. You block the adder's attack.
You block the jackal's attack. The jackal barely misses you.
You block the jackal's attack. The jackal closely misses you.
The hobgoblin hits you. The adder completely misses you. The jackal bites you.
The jackal bites you but does no damage.
The jackal closely misses you.
You barely miss the jackal. The jackal closely misses you.
The jackal bites you but does no damage.
The adder bites you.
* * * LOW HITPOINT WARNING * * *
You block the jackal's attack. The jackal bites you.
* * * LOW HITPOINT WARNING * * *
You block the hobgoblin's attack. You block the jackal's attack.
The jackal bites you.
* * * LOW HITPOINT WARNING * * *
You block the adder's attack. The jackal bites you.
* * * LOW HITPOINT WARNING * * *
The jackal barely misses you. The hobgoblin barely misses you.
The jackal bites you but does no damage.
The jackal closely misses you. The adder bites you.
You die...

.. ..## ......
... ...##
###... ..
....#. #...
#.#####......
#.
#...<...#....
####......#
#....K####
#...Sg# #...h@#
......hhh......
##.....J#######
#......#
##......
#....?. #......
#.......


You could see an adder, an endoplasm, 4 jackals, a hobgoblin and a kobold.

Vanquished Creatures
  2 bats (D:1)
  5 endoplasms (D:1)
  A giant cockroach (D:1)
  4 goblins (D:1)
  A hobgoblin (D:1)
  7 jackals (D:1)
  A kobold (D:1)
  3 ball pythons
  A frilled lizard (D:1)
  A rat (D:1)
26 creatures vanquished.

Notes
Turn   | Place    | Note
-------+----------+-------------------------------------------
     0 | D:1      | Kazon the Vampire Gladiator began the quest for the Orb.
     0 | D:1      | Reached XP level 1. HP: 16/16 MP: 1/1
    64 | D:1      | Identified a scroll of acquirement
    64 | D:1      | Acquired the +2 pair of boots "Liysi" {rC- Will++ rCorr
                  | Slay+6}
   101 | D:1      | Reached XP level 2. HP: 22/22 MP: 2/2
   358 | D:1      | Reached skill level 4 in Short Blades
   501 | D:1      | Gained mutation: You are afflicted with vampirism and can
                  | become a bat while bloodless. [Vampire growth]
   501 | D:1      | Reached XP level 3. HP: 27/27 MP: 3/3
   870 | D:2      | HP: 1/21 [jackal (1)]
   870 | D:2      | Slain by an adder

Illustrated notes

Levels and vault maps discovered:
D:1:      ebering_trefoil_3fold, layout_basic, st_stairs_14, serial_bayou_ford_a
D:2:      layout_basic, hangedman_decor_growths, minmay_close_crescents

Skill      XL: |  1  2 |
---------------+-------+-----
Short Blades   | 4 |  4.0
Fighting       | |  1.9
Throwing       | |  1.6
Armour         | |  0.2
Dodging        | |  3.7
Stealth        | |  0.4

Action                     || total
---------------------------++-------
  Melee: Rapier            ||    55
         Bite              ||     7
         Long sword        ||    19
Ability: Exsanguinate      ||     1
    Use: Scroll            ||     2
         Potion            ||     1
   Stab: Sleeping          ||     1
 Armour: Leather armour    ||    27
  Dodge: Dodged            ||    58
  Block: Tower shield      ||    28
